 Dungeon Crawl Stone Soup version 0.26-a0-682-g294304f6e8 (console) character file.

Game seed: 9918185712650704627

41962 om the Tortoise (level 13, -3/108 HPs)
             Began as a Minotaur Fighter on Oct 21, 2020.
             Was an Initiate of Gozag.
             Slain by a troll (8 damage)
             ... on level 1 of the Orcish Mines.
             The game lasted 00:42:40 (20660 turns).

om the Tortoise (Minotaur Fighter)                 Turns: 20660, Time: 00:42:40

Health: -3/108     AC: 28    Str: 26    XL:     13   Next: 82%
Magic:  12/12      EV: 26    Int: 12    God:    Gozag
Gold:   4796       SH: 13    Dex: 16    Spells: 12/12 levels left

rFire    + + +     SeeInvis .   a - +1 war axe
rCold    . . .     Faith    .   c - +0 kite shield
rNeg     . . .     Spirit   .   Q - +0 crystal plate armour
rPois    .         Reflect  .   (helmet restricted)
rElec    .         Harm     .   b - scarf {+Inv}
rCorr    .         Rampage  .   j - +0 pair of gloves
MR       .....                  r - +1 pair of boots
Stlth    ..........             Y - amulet of the acrobat
HPRegen  0.28/turn              R - +6 ring of dexterity
MPRegen  0.13/turn              Z - ring of Leex {+Fly rF+++ Int+7 Stlth-}

@: acrobat, silenced
A: retaliatory headbutt, horns 2
a: Renounce Religion, Evoke Invisibility, Evoke Flight


You were on level 1 of the Orcish Mines.
You worshipped Gozag.
Gozag was most pleased with you.
You visited 3 branches of the dungeon, and saw 16 of its levels.
You also visited: Ossuary and Ice Cave.

You collected 5879 gold pieces.
You spent 712 gold pieces at shops.
You paid 371 gold pieces to Gozag.

Inventory:

Hand Weapons
 a - a +1 war axe (weapon)
Armour
 b - a scarf of invisibility (worn)
 c - a +0 kite shield (worn)
 j - a +0 pair of gloves (worn)
 r - a +1 pair of boots (worn)
 Q - a +0 crystal plate armour (worn)
Jewellery
 u - an uncursed ring of positive energy
 J - an uncursed ring of protection from cold
 R - a +6 ring of dexterity (left hand)
 U - a +4 ring of evasion
 W - an uncursed ring of protection from cold
 Y - an amulet of the acrobat (around neck)
 Z - the ring of Leex (right hand) {+Fly rF+++ Int+7 Stlth-}
   (You found it in an ice cave)

   [ring of flight]

   It affects your intelligence (+7).
   It renders you almost immune to fire.
   It lets you fly.
   It makes you less stealthy.
Wands
 t - a wand of random effects (18)
 y - a wand of polymorph (21)
 F - a wand of iceblast (6)
 K - a wand of acid (9)
 O - a wand of enslavement (6)
 P - a wand of paralysis (4)
 S - a wand of disintegration (4)
Scrolls
 f - 2 scrolls of torment {unknown}
 g - 3 scrolls of amnesia
 k - 2 scrolls of noise
 l - 6 scrolls of remove curse
 m - 2 scrolls of enchant armour
 n - a scroll of magic mapping
 p - a scroll of fear
 s - a scroll of summoning
 v - 5 scrolls of enchant weapon
 w - 2 scrolls of fog
 x - 2 scrolls of immolation
 A - 5 scrolls of blinking
 D - 3 scrolls of teleportation
 E - 3 scrolls of vulnerability
 G - a scroll of brand weapon {unknown}
 I - a scroll of holy word
 X - a scroll of identify
Potions
 d - 2 potions of might
 e - a potion of resistance
 h - 4 potions of haste
 i - a potion of stabbing
 o - 3 potions of lignification
 q - 3 potions of curing
 z - 2 potions of mutation
 B - 4 potions of berserk rage
 C - a potion of degeneration
 H - 2 potions of ambrosia
 L - 2 potions of flight
 M - 3 potions of brilliance
 N - a potion of magic {unknown}
 T - a potion of cancellation
 V - a potion of heal wounds


   Skills:
 - Level 8.5 Fighting
 - Level 13.0 Axes
 + Level 16.2 Armour
 + Level 12.2 Dodging
 - Level 10.0 Shields
 + Level 6.3 Evocations


You had 12 spell levels left.
You didn't know any spells.
Your spell library contained the following spells:

 Spells                   Type           Power        Failure   Level
 Corona                   Hex            #......      100%        1
 Ensorcelled Hibernation  Hex/Ice        #.....       100%        2
 Confusing Touch          Hex            #.......     100%        3
 Dazzling Flash           Conj/Hex       #.....       100%        3
 Tukima's Dance           Hex            #.......     100%        3
 Cause Fear               Hex            #.........   100%        4
 Silence                  Hex/Air        #.........   100%        5
 Yara's Violent Unravell  Hex/Tmut       #.........   100%        5
 Discord                  Hex            #.........   100%        8


Dungeon Overview and Level Annotations

Branches:
Dungeon (13/15)            Temple (0/1) D:7            Lair (1/6) D:11
    Orc (2/2) D:12            Elf (0/3) Orc:2       Ossuary (visited)
  IceCv (visited)
 Vaults: D:13-14

Altars:
Gozag
Hepliaklqana
Kikubaaqudgha
Makhleb
Okawaru
Trog
Yredelemnul

Shops:
D:4 [   D:8 *   D:11 ![}*=   Orc:2 ![!?

Annotations:
D:6 6 runed translucent doors, 2 transporters, Crazy Yiuf
Orc:1 1 transporter, 1 runed translucent door


Innate Abilities, Weirdness & Mutations

You reflexively headbutt those who attack you in melee.
You have a pair of horns on your head.


Message History

Okay, then.
Okay, then.
Okay, then.
The troll completely misses you.
The troll claws you but does no damage. x2; The troll bites you.
The troll completely misses you. The troll misses you.
The stone giant throws a large rock.
The large rock hits you!!
* * * LOW HITPOINT WARNING * * *
You see here a large rock.
You closely miss the orc knight. You headbutt the orc knight.
The orc knight is lightly wounded.
Your crystal plate armour prevents you from hitting the troll.
You barely miss the troll. The troll bites you.
* * * LOW HITPOINT WARNING * * *
You block the troll's attack. x2; The troll barely misses you. x2; You block the troll's attack.
The orc knight hits you with a +2 broad axe!!
* * * LOW HITPOINT WARNING * * *
The moth of wrath's fur bristles in rage as it notices you.
The moth of wrath goads the stone giant on!
The stone giant goes berserk!
The troll closely misses you. You block the troll's attack.
The troll claws you!
You die...
Your body crumbles into a pile of gold. ..........# #§#yeOoe

#. ..........# ########## #.
..........# ##......... #.
..........# ##....oT.T.. ###.
..........######...###..⌠.. #y#.
.............#y#...#y#$.... ####.
.............###''####$$...##....
..............##)..###[$(..##....
.............©##©(o#W+_)?..##©..[
..............##TT.###:$[..##....
.............###@'### $$...##....
.............#y#...#y#$. . ####.
..........######.C.###.. #y#.
....)[....# ##...... ###.
.).)......# ##...... #.
..........# ###### #. ..........#


§#yee #. #.........# ## ## ## .......##.# ## ....#.##### ######### ###. ...####
##.......# #... You could see a stone giant (berserk), an orc knight, a deep elf
annihilator, 3 moths of wrath, a silent spectre (silencing), a deep elf mage and
2 trolls.

Vanquished Creatures
  An orc warlord (Orc:1)
  Azrael (D:12)
  An ettin (Orc:1)
  2 ice dragons (IceCv)
  A centaur warrior (D:13)
  14 two-headed ogres
  4 ogre magi
  3 death yaks (D:10)
  An orc high priest (Orc:1)
  An orc knight (Orc:1)
  2 ugly things (D:11)
  3 orc sorcerers
  2 ice statues (IceCv)
  A kobold demonologist (D:13)
  Psyche (D:12)
  2 rime drakes (IceCv)
  3 cane toads (Lair:1)
  A gargoyle (D:13)
  9 trolls
  Grinder (D:3)
  A shadow (D:12)
  2 wyverns
  2 fire elementals (D:12)
  A wraith (D:11)
  Eustachio (D:4)
  13 yaks
  Menkaure (D:4)
  4 wargs
  A soldier ant (D:10)
  2 hell hounds (D:12)
  14 orc warriors
  2 black bears
  15 ice beasts
  2 sky beasts
  3 necrophages
  46 ogres
  3 big kobolds
  8 centaurs
  7 bullfrogs
  A water moccasin zombie (D:8)
  9 killer bees
  6 scorpions
  An electric eel (D:10)
  9 wights (D:8)
  2 howler monkeys
  5 centaur zombies (Ossuary)
  8 orc priests
  2 bullfrog zombies
  12 orc wizards
  2 gnoll shamans
  6 jellies
  3 centaur skeletons
  4 hounds
  6 iguanas
  Natasha (thrice) (D:3)
  12 worker ants
  2 big kobold zombies (Ossuary)
  A hound zombie (D:9)
  A hound skeleton (D:7)
  6 mummies (Ossuary)
  A worker ant zombie (D:10)
  9 adders
  14 gnolls
  A howler monkey skeleton (D:4)
  A shadow imp (D:8)
  4 white imps
  5 ufetubi
  2 adder zombies
  An adder skeleton (D:9)
  3 dart slugs
  3 worms (D:2)
  10 leopard geckos
  44 orcs
  5 giant cockroaches
  4 goblins
  4 hobgoblins
  13 jackals
  5 quokkas
  2 ball pythons
  5 bats
  2 frilled lizards
  2 hobgoblin zombies (Ossuary)
  26 kobolds
  A leopard gecko skeleton (D:4)
  A leopard gecko zombie (D:8)
  2 quokka zombies
  9 rats
  A rat zombie (D:8)
463 creatures vanquished.

Vanquished Creatures (others)
  An orc (D:10)
  26 plants (Lair:1)
27 creatures vanquished.

Grand Total: 490 creatures vanquished

Notes
Turn   | Place    | Note
-------+----------+-------------------------------------------
     0 | D:1      | om the Minotaur Fighter began the quest for the Orb.
     0 | D:1      | Reached XP level 1. HP: 19/19 MP: 0/0
   131 | D:1      | Reached XP level 2. HP: 27/27 MP: 1/1
   193 | D:1      | Reached skill level 1 in Dodging
   219 | D:1      | Reached skill level 4 in Armour
   340 | D:1      | Reached XP level 3. HP: 10/33 MP: 2/2
  1169 | D:2      | Reached XP level 4. HP: 40/40 MP: 3/3
  1649 | D:3      | Noticed Grinder
  1668 | D:3      | Killed Grinder
  1668 | D:3      | Reached skill level 5 in Armour
  1668 | D:3      | Reached XP level 5. HP: 8/46 MP: 4/4
  1668 | D:3      | Reached XP level 6. HP: 9/52 MP: 5/5
  2029 | D:3      | Noticed Natasha
  2035 | D:3      | Killed Natasha
  2124 | D:3      | Noticed Natasha
  2130 | D:3      | Killed Natasha
  2130 | D:3      | Reached skill level 5 in Axes
  2244 | D:3      | Noticed Natasha
  2257 | D:3      | Killed Natasha
  2703 | D:4      | Found a burning altar of Makhleb.
  2703 | D:4      | Noticed Menkaure
  2707 | D:4      | Killed Menkaure
  2707 | D:4      | Reached skill level 6 in Armour
  2707 | D:4      | Reached XP level 7. HP: 50/59 MP: 6/6
  2802 | D:4      | Noticed Eustachio
  2822 | D:4      | Killed Eustachio
  2822 | D:4      | Reached skill level 5 in Dodging
  2859 | D:4      | Reached skill level 7 in Armour
  3881 | D:4      | Found Eritas's Antique Armour Boutique.
  3957 | D:5      | Entered Level 5 of the Dungeon
  4047 | D:5      | Reached XP level 8. HP: 60/66 MP: 7/7
  4106 | D:5      | Reached skill level 8 in Armour
  4384 | D:5      | Found an opulent altar of Gozag.
  4431 | D:5      | Found a hazy altar of Hepliaklqana.
  4486 | D:5      | Became a worshipper of Gozag Ym Sagoz the Greedy
  4887 | D:6      | Found the +9 staff of Olgreb {rPois∞}
  4926 | D:6      | Found a runed translucent door.
  4949 | D:6      | Found a runed translucent gate.
  4951 | D:6      | Found a runed translucent gate.
  4951 | D:6      | Found a runed translucent gate.
  4953 | D:6      | Found a runed translucent door.
  5231 | D:6      | Found an iron altar of Okawaru.
  5236 | D:6      | Reached skill level 9 in Armour
  5301 | D:6      | Found a runed translucent door.
  5302 | D:6      | Noticed Crazy Yiuf
  5406 | D:6      | Found a basalt altar of Yredelemnul.
  5408 | D:6      | Found a transporter.
  5416 | D:6      | Found a transporter.
  5864 | D:7      | Found a staircase to the Ecumenical Temple.
  6276 | D:7      | Reached XP level 9. HP: 71/71 MP: 8/8
  6299 | D:7      | Reached skill level 10 in Armour
  6937 | D:7      | Found an ancient bone altar of Kikubaaqudgha.
  7303 | D:8      | Found Osidig's General Store.
  7308 | D:8      | Found a sand-covered staircase.
  7313 | D:8      | Reached skill level 11 in Armour
  7319 | Ossuary  | Entered an ossuary
  7572 | D:8      | Bought a scroll of identify for 24 gold pieces
  7646 | D:8      | Reached skill level 10 in Dodging
  8324 | D:8      | Found an iron altar of Okawaru.
  8375 | D:8      | Bought a scroll of fog for 24 gold pieces
  8428 | D:9      | Reached XP level 10. HP: 40/78 MP: 9/9
  8681 | D:9      | Reached skill level 12 in Armour
  9149 | D:9      | Noticed a two-headed ogre
  9156 | D:9      | Killed a two-headed ogre
  9521 | D:10     | Entered Level 10 of the Dungeon
 10353 | D:10     | Reached skill level 13 in Armour
 11209 | D:11     | Noticed a green ugly thing
 11228 | D:11     | Killed a green ugly thing
 11228 | D:11     | Reached skill level 14 in Armour
 11232 | D:11     | Found Jinarejo's Armour Shoppe.
 11270 | D:11     | Found Mecrul's Distillery.
 11278 | D:11     | Bought a potion of curing for 45 gold pieces
 11278 | D:11     | Bought a potion of resistance for 150 gold pieces
 11309 | D:11     | Found Luthung's Gadget Shop.
 11364 | D:11     | Noticed a brown ugly thing
 11419 | D:11     | Killed a brown ugly thing
 11419 | D:11     | Reached XP level 11. HP: 40/84 MP: 10/10
 11627 | D:11     | Reached skill level 1 in Evocations
 11754 | D:11     | Found a staircase to the Lair.
 11754 | D:11     | Noticed a death yak
 11754 | D:11     | Noticed a death yak
 11756 | D:11     | Noticed a death yak
 11856 | D:10     | Killed a death yak
 12142 | D:10     | Killed a death yak
 12142 | D:10     | Reached skill level 5 in Fighting
 12165 | D:10     | Killed a death yak
 12457 | D:11     | Found Bues's General Store.
 12465 | D:11     | Bought a potion of flight for 45 gold pieces
 12476 | D:11     | Found Ehoul's Jewellery Boutique.
 12750 | D:12     | Reached skill level 15 in Armour
 13116 | D:12     | Found a staircase to the Orcish Mines.
 13120 | D:12     | Noticed Psyche
 13127 | D:12     | Killed Psyche
 13161 | D:12     | Noticed Azrael
 13192 | D:12     | Killed Azrael
 13922 | D:13     | Noticed a centaur warrior
 13936 | D:13     | Killed a centaur warrior
 13936 | D:13     | Reached skill level 16 in Armour
 13965 | D:13     | Reached XP level 12. HP: 64/96 MP: 11/11
 14530 | D:13     | Reached skill level 5 in Evocations
 14730 | Lair:1   | Entered Level 1 of the Lair of Beasts
 14774 | Lair:1   | Found a frozen archway.
 14793 | IceCv    | Entered an ice cave
 15662 | IceCv    | Reached skill level 10 in Axes
 15713 | IceCv    | Noticed an ice dragon
 15736 | IceCv    | Killed an ice dragon
 15753 | IceCv    | Noticed an ice dragon
 15761 | IceCv    | Killed an ice dragon
 15798 | IceCv    | Got a vibrating pewter ring
 15843 | IceCv    | Identified the ring of Leex {+Fly rF+++ Int+7 Stlth-} (You
                  | found it in an ice cave)
 16615 | Lair:1   | Noticed a seven-headed hydra
 16677 | Orc:1    | Entered Level 1 of the Orcish Mines
 16761 | Orc:1    | Noticed a stone giant
 17028 | Orc:2    | Entered Level 2 of the Orcish Mines
 17232 | Orc:2    | Noticed an orc high priest
 17325 | Orc:1    | Killed an orc high priest
 17452 | Orc:1    | Found a burning altar of Makhleb.
 17852 | Orc:1    | Found a transporter.
 18493 | Orc:2    | Found a staircase to the Elven Halls.
 18560 | Orc:2    | Noticed an ettin
 18563 | Orc:2    | Noticed an orc warlord
 18592 | Orc:1    | Killed an ettin
 18592 | Orc:1    | Reached XP level 13. HP: 81/108 MP: 12/12
 18863 | Orc:1    | Killed an orc warlord
 19333 | Orc:2    | Reached skill level 5 in Shields
 19990 | Orc:2    | Reached skill level 10 in Shields
 20190 | Orc:2    | Found Qirha's Antique Armour Shoppe.
 20190 | Orc:2    | Found Upsuuj's Magic Scroll Boutique.
 20191 | Orc:2    | Found Akkibb's Distillery.
 20191 | Orc:2    | Found Esty's Distillery.
 20218 | Orc:2    | Bought a scroll of summoning for 142 gold pieces
 20218 | Orc:2    | Bought a scroll of immolation for 52 gold pieces
 20220 | Orc:2    | Bought a potion of cancellation for 80 gold pieces
 20220 | Orc:2    | Bought a potion of heal wounds for 50 gold pieces
 20220 | Orc:2    | Bought a potion of haste for 100 gold pieces
 20452 | Orc:1    | Found a transporter.
 20452 | Orc:1    | Found a runed translucent door.
 20452 | Orc:1    | Found a bloodstained altar of Trog.
 20453 | Orc:1    | Found the cursed necklace of Bloodlust {*Rage +Rage MR++
                  | Int-3 Slay+6 *Curse}
 20644 | Orc:1    | Noticed a deep elf elementalist
 20659 | Orc:1    | HP: 5/108 [orc knight/+2 broad axe (20)]
 20660 | Orc:1    | Noticed a deep elf annihilator
 20660 | Orc:1    | Slain by a troll

Illustrated notes

Levels and vault maps discovered:
D:1:      lightli_iron_boxes, layout_basic
D:2:      layout_loops_ring
D:3:      layout_basic, uniq_grinder, uniq_natasha
D:4:      layout_basic, kennysheep_little_box, serial_shops, shop,
          uniq_menkaure, uniq_eustachio
D:5:      layout_cave_pools, lemuel_round_altar, grunt_gozag_breadcrumbs
D:6:      layout_cave_pools, okawaru_trees_1, gammafunk_temple_overflow_arena,
          minmay_guarded_unrand_staff_of_olgreb, uniq_crazy_yiuf_cottage
D:7:      minmay_evil_eye, layout_rooms, lemuel_coloured_pillars_altar,
          temple_fountains, kennysheep_generic_room_10
D:8:      layout_gridville, serial_shops, shop, basic_altar, enter_ossuary_3,
          minmay_tree_intersection
D:9:      layout_basic
D:10:     lemuel_ogre_cave, layout_basic
D:11:     layout_irregular_city, dpeg_lair_monsters, serial_shops, shop,
          nicolae_shop_crystal, shop, nicolae_shop_trees, nicolae_shop_trees
D:12:     layout_basic, orc_0_dummy, uniq_azrael, uniq_psyche
D:13:     layout_irregular_city
Lair:1:   minmay_lair_oklob_tunnel, layout_cave_pods,
          portal_ice_cave_entry_pillars_1, nicolae_lair_grove_arrangements,
          minmay_lair_oklob_chamber
Orc:1:    emtedronai_trogs_sanctum, layout_caves, basic_altar
Orc:2:    st_orc_ogre_mass, layout_diamond_mine, uniq_erolcha

Skill      XL: |  1  2  3  4  5  6  7  8  9 10 11 12 13 |
---------------+----------------------------------------+-----
Dodging        | 1 3 4 6 8 10 11 12 | 12.2
Armour         | 4 5 6 7 9 11 14 16 | 16.2
Axes           | 3 4 5 6 12 13 | 13.0
Shields        | 4 10 | 10.0
Fighting       | 4 6 8 |  8.5
Evocations     | 4 5 6 |  6.3

Action                   |  1- 3 |  4- 6 |  7- 9 | 10-12 | 13-15 || total
-------------------------+-------+-------+-------+-------+-------++-------
Melee: War axe           |    78 |    68 |   409 |   857 |   176 ||  1588
       Headbutt          |    11 |    15 |    76 |   229 |    58 ||   389
Invok: Potion Petition   |       |       |       |     1 |       ||     1
 Abil: Evoke Flight      |       |       |       |     1 |       ||     1
Evoke: Wand              |       |       |       |    13 |    10 ||    23
  Use: Potion            |       |     1 |     1 |     4 |     3 ||     9
       Scroll            |       |       |    11 |    13 |       ||    24
 Stab: Distracted        |       |       |     2 |     2 |     1 ||     5
       Paralysed         |       |       |       |    14 |       ||    14
Armor: Scale mail        |    37 |    32 |   224 |    43 |       ||   336
       Crystal plate arm |       |       |       |   500 |    78 ||   578
Dodge: Dodged            |    18 |    26 |   233 |   426 |   109 ||   812
Block: Kite shield       |    41 |    28 |   264 |   474 |   136 ||   943

Table legend: (Time is in decaauts)
 A = Elapsed time spent in this place.
 B = Non-inter-level travel time spent in this place.
 C = Inter-level travel time spent in this place.
 D = Time resting spent in this place.
 E = Time spent auto-exploring this place.
 F = Levels seen in this place.
 G = Mean time per level.
                   A        B        C        D        E       F      G
               +--------+--------+--------+--------+--------+-----+--------+
         Total |  21144 |  20541 |    603 |   5313 |  10554 |  18 | 1174.7 |
       Dungeon |  14949 |  14478 |    471 |   2844 |   8563 |  13 | 1149.9 |
          Lair |    350 |    350 |      0 |      0 |    254 |   1 |  350.0 |
  Orcish Mines |   4020 |   3888 |    132 |   1728 |   1173 |   2 | 2010.0 |
       Ossuary |    259 |    259 |      0 |     82 |     83 |   1 |  259.0 |
      Ice Cave |   1565 |   1565 |      0 |    658 |    480 |   1 | 1565.0 |
               +--------+--------+--------+--------+--------+-----+--------+

Top non-repeatable levels by time:
   Orc:1: 2891 daAuts
    D:10: 1828 daAuts
   IceCv: 1565 daAuts
     D:9: 1511 daAuts
     D:7: 1330 daAuts
    D:12: 1320 daAuts
     D:4: 1265 daAuts
     D:8: 1193 daAuts
    D:11: 1146 daAuts
   Orc:2: 1129 daAuts
     D:3: 1083 daAuts
     D:1: 956 daAuts
     D:6: 883 daAuts
     D:5: 865 daAuts
    D:13: 818 daAuts
